 Dungeon Crawl Stone Soup version 0.21.1 (webtiles) character file.

42 JeffiDaFish the Grave Robber (level 3, 0/24 HPs)
             Began as a Mummy Necromancer on Feb 3, 2018.
             Engulfed by a cloud of flame (22 damage)
             ... on level 2 of the Dungeon.
             The game lasted 00:02:55 (1051 turns).

JeffiDaFish the Grave Robber (Mummy Necromancer)    Turns: 1051, Time: 00:02:55

Health: 0/24       AC:  2    Str: 11    XL:     3   Next: 35%
Magic:  7/7        EV: 12    Int: 15    God:
Gold:   56         SH:  0    Dex: 12    Spells: 3/8 levels left

rFire    x . .     SeeInvis .   d - +0 spear
rCold    + . .     Gourm    .   (no shield)
rNeg     + + +     Faith    .   a - +0 robe
rPois    ∞         Spirit   .   (no helmet)
rElec    .         Reflect  .   (no cloak)
rCorr    .         Harm     .   (no gloves)
MR       .....                  (no boots)
Stlth    ++........             (no amulet)
HPRegen  0.08/turn              (no ring)
MPRegen  0.10/turn              (no ring)

@: no status effects
A: no food or potions, fire vulnerability, cold resistance 1, negative energy
resistance 3, torment resistance, unbreathing
a: no special abilities


You were on level 2 of the Dungeon.
You were not hungry.

You visited 1 branch of the dungeon, and saw 2 of its levels.

You collected 56 gold pieces.

Inventory:

Hand Weapons
 d - a +0 spear (weapon)
Missiles
 c - 20 poisoned needles
Armour
 a - a +0 robe (worn)
Books
 b - a book of Necromancy

   Spells                             Type                      Level
   a - Pain                           Necromancy                   1
   b - Animate Skeleton               Necromancy                   1
   c - Vampiric Draining              Necromancy                   3
   d - Regeneration                   Charms/Necromancy            3
   e - Animate Dead                   Necromancy                   4
   f - Borgnjor's Vile Clutch         Necromancy/Earth             5


   Skills:
 + Level 0.1 Polearms
 + Level 1.8 Dodging
 + Level 1.9 Stealth
 + Level 3.4 Spellcasting
 + Level 4.5 Necromancy


You had 3 spell levels left.
You knew the following spells:

 Your Spells              Type           Power        Failure   Level  Hunger
a - Pain                  Necr           ###.         3%          1    N/A
b - Animate Skeleton      Necr           N/A          3%          1    N/A
c - Vampiric Draining     Necr           ###.......   9%          3    N/A

Dungeon Overview and Level Annotations

Branches:
Dungeon (2/15)

Altars:
Vehumet


Innate Abilities, Weirdness & Mutations

You do not eat or drink.
Your flesh is vulnerable to fire.
You are immune to poison.
Your flesh is cold resistant. (rC+)
You are immune to negative energy. (rN+++)
You are immune to unholy pain and torment.
You can survive without breathing.


Message History

Aim: an orc, wielding a hand axe (severely wounded, chance to defeat MR: 87%)
The orc writhes in agony!
You kill the orc!
The orc closely misses you.
You closely miss the orc. The orc hits you with a hand axe.
You hit the orc.
The orc is severely wounded.
The orc closely misses you.
Casting: Pain
Confirm with . or Enter, or press ? or * to list all spells.
Aiming: Pain
Press: ? - help, Shift-Dir - straight line, f - orc
Aim: an orc, wielding a hand axe and wearing a leather armour (severely wounded, chance to defeat MR: 87%)
The orc writhes in agony!
You kill the orc!
Things that are here:
a hand axe; a leather armour; a hand axe You are engulfed in blazing flames.
Ouch! That really hurt!
You die...

#... .# ##...######.#
........... #.....#..#
..#.# #....§...#
#.#.#.##...§§§§.# ##
#.#.#.##..§.§§§.# .#
#.#.#.# #.@.§..# .#
#.#(#.####)....##
.#####.#.......########
....##§#...%...##.....#
...............##.....#
....##§#.......##(....###
.....§§#...#.............
.#########.#.############
...........#.#


There were no monsters in sight!

Vanquished Creatures
  2 dart slugs (D:1)
  4 leopard geckos
  2 orcs (D:2)
  6 bats (D:1)
  A giant cockroach (D:1)
  6 goblins (D:1)
  A hobgoblin (D:1)
  4 kobolds
  6 rats (D:1)
32 creatures vanquished.

Vanquished Creatures (others)
  2 orc wizards (D:2)
  An orc (D:2)
3 creatures vanquished.

Grand Total: 35 creatures vanquished

Notes
Turn   | Place    | Note
-------+----------+-------------------------------------------
     0 | D:1      | JeffiDaFish the Mummy Necromancer began the quest for the Orb.
     0 | D:1      | Reached XP level 1. HP: 13/13 MP: 4/4
    81 | D:1      | Learned a level 1 spell: Animate Skeleton
   355 | D:1      | Reached XP level 2. HP: 16/19 MP: 5/5
   761 | D:1      | Reached XP level 3. HP: 21/24 MP: 7/7
   772 | D:1      | Learned a level 3 spell: Vampiric Draining
   985 | D:2      | Found a radiant altar of Vehumet.
  1051 | D:2      | Engulfed by a cloud of flame

Skill      XL: |  1  2 |
---------------+-------+-----
Spellcasting   | 3 |  3.4
Polearms       | |  0.1
Dodging        | |  1.8
Stealth        | |  1.9
Necromancy     | |  4.5

Action                   || total
-------------------------++-------
Melee: Spear             ||    64
 Cast: Pain              ||    30
       Animate Skeleton  ||     8
  Use: Scroll            ||     3
 Stab: Sleeping          ||     2
Armor: Robe              ||    13
Dodge: Dodged            ||    54
